 Dungeon Crawl Stone Soup version 0.26.0-45-g9c1d065592 (webtiles) character file.

Game seed: 1135514155983699914

114 H0rd4k the Insei (level 4, 0/28 HPs)
             Began as an Octopode Transmuter on Jan 28, 2021.
             Slain by a leopard gecko (3 damage)
             ... on level 2 of the Dungeon.
             The game lasted 00:01:25 (2122 turns).

H0rd4k the Insei (Octopode Transmuter)              Turns: 2122, Time: 00:01:26

Health: 0/28       AC:  1    Str: 10    XL:     4   Next: 98%
Magic:  6/7        EV: 13    Int: 15    God:
Gold:   101        SH:  0    Dex: 12    Spells: 3/7 levels left

rFire    . . .     SeeInvis .     - Unarmed
rCold    + . .     Faith    .   (no shield)
rNeg     . . .     Spirit   .   (helmet currently unavailable)
rPois    .         Reflect  .   (no amulet)
rElec    .         Harm     .   h - ring of protection from cold
rCorr    .         Rampage  .   (no ring)
Will     .....                  (no ring)
Stlth    +++.......             (no ring)
HPRegen  0.09/turn              (no ring)
MPRegen  0.10/turn              (no ring)
                                (no ring)
                                (no ring)

@: appendages
A: almost no armour, stealthy swim, amphibious, 8 rings, constrict 8, tentacle
spike 3, camouflage 1, gelatinous body 1
a: End Transformation


You were on level 2 of the Dungeon.
One of your tentacles had a temporary spike.
You visited 1 branch of the dungeon, and saw 3 of its levels.

You collected 101 gold pieces.

Inventory:

Jewellery
 h - a ring of protection from cold (left tentacle)
 i - a +6 ring of intelligence {unknown}
Scrolls
 b - 4 scrolls of identify {unknown}
 d - a scroll of amnesia {unknown}
 e - a scroll of enchant armour {unknown}
 f - a scroll of teleportation {unknown}
 k - a scroll of blinking {unknown}
Potions
 a - a potion of magic {unknown}
 c - a potion of cancellation {unknown}
 g - a potion of haste {unknown}
 j - a potion of might {unknown}


   Skills:
 + Level 1.4 Fighting
 + Level 2.4 Dodging
 + Level 1.8 Stealth
 + Level 4.6 Unarmed Combat
 + Level 2.3 Spellcasting
 + Level 2.1 Transmutations


You had 3 spell levels left.
You knew the following spells:

 Your Spells              Type           Power        Failure   Level
a - Beastly Appendage     Tmut           16%          9%          1
b - Spider Form           Tmut/Pois      2%           38%         3

Your spell library contained the following spells:

 Spells                   Type           Power        Failure   Level
 Wereblood                Tmut           8%           14%         2
 Ice Form                 Ice/Tmut       4%           80%         4
 Blade Hands              Tmut           4%           94%         5


Dungeon Overview and Level Annotations

Branches:
Dungeon (3/15)

Altars:


Innate Abilities, Weirdness & Mutations

You cannot wear most types of armour.
You are very stealthy in the water. (Stealth+)
You are amphibious.
You can wear up to eight rings at the same time.
You can use your tentacles to constrict eight enemies at once.
Your skin changes colour to match your surroundings (Stealth+).
Your rubbery body absorbs attacks. (AC +1, EV +1)
One of your tentacles bears a large vicious spike.


Message History

The giant cockroach bites you.
* * * LOW HITPOINT WARNING * * *
The leopard gecko bites you.
* * * LOW HITPOINT WARNING * * *
A mysterious force pulls you upwards. The hatch slams shut behind you.
The giant cockroach bites you.
* * * LOW HITPOINT WARNING * * *
Casting: Beastly Appendage (safe; 9% risk of failure)
Confirm with . or Enter, or press ? or * to list all spells.
One of your tentacles grows a vicious spike.
The giant cockroach bites you.
* * * LOW HITPOINT WARNING * * *
You barely miss the giant cockroach. Your grab misses the giant cockroach.
The giant cockroach bites you.
* * * LOW HITPOINT WARNING * * *
You bludgeon the giant cockroach!
You kill the giant cockroach!
You barely miss the leopard gecko. Your grab misses the leopard gecko.
The leopard gecko barely misses you. The leopard gecko bites you.
You die...

........#...##..#.((.......#
..#..######.#..##..........#
##....# ##...###..........#
##.##.## #...## #...)......#
.#.##..###.#.####..........#
...........>............####
..########..............##
.## ####.≈≈≈.#####.....# ##
#....≈.≈..@l..####.#
###.###≈.≈#####.####.# #...#
#≈.≈# #....#.##
#####.#####..## ####.#..##
......# #..## #.##..##
......####.## #..)...#
#####..##..# ###....#
###.#..## #....#
####.....########### #....#


You could see a leopard gecko.

Vanquished Creatures
  Jessica (D:2)
  An adder (D:2)
  An ooze (D:3)
  3 worms
  A dart slug (D:2)
  3 leopard geckos
  3 giant cockroaches
  7 goblins
  7 hobgoblins
  3 jackals (D:1)
  8 kobolds
  A quokka (D:2)
  2 ball pythons (D:1)
  8 bats
  5 frilled lizards
  7 rats
61 creatures vanquished.

Vanquished Creatures (others)
  5 toadstools (D:1)
5 creatures vanquished.

Grand Total: 66 creatures vanquished

Notes
Turn   | Place    | Note
-------+----------+-------------------------------------------
     0 | D:1      | H0rd4k the Octopode Transmuter began the quest for the Orb.
     0 | D:1      | Reached XP level 1. HP: 13/13 MP: 3/3
    56 | D:1      | Reached XP level 2. HP: 11/18 MP: 5/5
   502 | D:1      | Reached XP level 3. HP: 23/23 MP: 6/6
   676 | D:1      | Reached skill level 1 in Stealth
   912 | D:2      | Noticed Jessica
   919 | D:2      | Killed Jessica
   920 | D:2      | Reached skill level 4 in Unarmed Combat
   920 | D:2      | Reached XP level 4. HP: 16/28 MP: 5/7
  1531 | D:2      | Learned a level 3 spell: Spider Form
  2082 | D:3      | Noticed a sky beast
  2122 | D:2      | Slain by a leopard gecko

Illustrated notes

Levels and vault maps discovered:
D:1:      ldierk_walled_garden, layout_rooms, st_stairs_1
D:2:      layout_rooms, chequers_serial_rivers_micro_d, uniq_jessica
D:3:      layout_basic

Skill      XL: |  1  2  3 |
---------------+----------+-----
Stealth        | 1 |  1.8
Unarmed Combat | 4 |  4.6
Fighting       | |  1.4
Dodging        | |  2.4
Spellcasting   | |  2.3
Transmutations | |  2.1

Action                   |  1- 3 |  4- 6 || total
-------------------------+-------+-------++-------
Melee: Unarmed           |    91 |    45 ||   136
       Constrict         |    33 |    13 ||    46
       Tentacles         |    17 |     9 ||    26
       Kick              |     1 |     4 ||     5
       Punch             |       |     2 ||     2
 Cast: Beastly Appendage |     1 |     4 ||     5
 Stab: Sleeping          |     5 |     3 ||     8
Armor: Skin              |    19 |     3 ||    22
Dodge: Dodged            |    76 |    27 ||   103
